 Dungeon Crawl Stone Soup version 0.30-a0-358-g0d69a1922f (webtiles) character file.

Game seed: 11110150017687018963

63 Pooter the Chopper (level 3, -1/34 HPs)
             Began as a Minotaur Berserker on Nov 9, 2022.
             Was a Believer of Trog.
             Killed from afar by Terence (3 damage)
             ... with a puff of flame
             ... on level 2 of the Dungeon.
             The game lasted 00:06:07 (1643 turns).

Pooter the Chopper (Minotaur Berserker)             Turns: 1643, Time: 00:06:08

Health: -1/34      AC:  2    Str: 23    XL:     3   Next: 87%
Magic:  2/2        EV:  7    Int:  4    God:    Trog [**....]
Gold:   107        SH:  9    Dex:  9    Spells: 2/2 levels left

rFire   + . .      SeeInvis +    i - +2 short sword (venom)
rCold   . . .      Faith    .    f - +0 tower shield
rNeg    . . .      Spirit   .    b - +0 animal skin
rPois   .          Reflect  .    (helmet restricted)
rElec   .          Harm     .    (no cloak)
rCorr   .          Rampage  .    (no gloves)
Will    .....                    (no boots)
Stlth   +.........               (no amulet)
HPRegen 0.25/turn                S - ring of see invisible
MPRegen 0.08/turn                F - ring of protection from fire

@: no status effects
A: horns 2, retaliatory headbutt
a: Renounce Religion, Berserk, Trog's Hand


You were on level 2 of the Dungeon.
You worshipped Trog.
Trog was pleased with you.
You visited 1 branch of the dungeon, and saw 2 of its levels.

You collected 107 gold pieces.

Inventory:

Hand Weapons
 a - a +0 hand axe
 i - a +2 short sword of venom (weapon)
   (You took it off a kobold on level 2 of the Dungeon)
Missiles
 c - 4 silver javelins
 Q - 22 stones (quivered)
Armour
 b - a +0 animal skin (worn)
 f - a +0 tower shield (worn)
   (You found it on level 1 of the Dungeon)
Jewellery
 F - a ring of protection from fire (right hand)
   (You took it off a hobgoblin on level 2 of the Dungeon)
 S - a ring of see invisible (left hand)
   (You found it on level 1 of the Dungeon)
Scrolls
 d - a scroll of summoning {unknown}
 l - a scroll of identify {unknown}
 t - 2 scrolls of teleportation {@r4}
Potions
 e - a potion of mutation {unknown}
 g - a potion of brilliance {unknown}
 h - a potion of flight {unknown}
 j - a potion of heal wounds {unknown}
 k - 2 potions of curing {unknown}


   Skills:
 + Level 4.4 Fighting
 * Level 5.2 Axes
 - Level 2.4 Armour
 - Level 2.1 Dodging


You had 2 spell levels left.
You didn't know any spells.
Your spell library was empty.

Dungeon Overview and Level Annotations

Branches:
Dungeon (2/15)

Altars:

Annotations:
D:2 Terence


Innate Abilities, Weirdness & Mutations

You have a pair of horns on your head.
You reflexively headbutt those who attack you in melee.


Message History

You are no longer poisoned.
You start resting.
You feel your anger nearly subside.
You start resting.
You are no longer berserk.
You are exhausted.
You feel yourself slow down.
You start resting.
You feel yourself speed up.
You start resting.
You recover from your berserk rage.
You start resting.
Found a dagger.
You see here a +0 dagger.
Found a stone staircase leading up.
There is a stone staircase leading up here.
Found a stone staircase leading down.
There is a stone staircase leading down here.
You see here a +0 whip.
Terence the Incautious comes into view.
He is wielding a +0 trident and carrying a wand of flame (19).
Terence shouts!
You fail to use your ability.
Terence zaps a wand.
The puff of flame hits you. You resist.
Terence zaps a wand.
The puff of flame hits you. You resist.
You barely miss Terence. You block Terence's attack.
You hit Terence but do no damage.
Terence is poisoned.
You block Terence's attack. Terence hits you with a +0 trident.
You closely miss Terence. You block Terence's attack.
Unknown command.
You hit Terence but do no damage.
Terence looks even sicker.
Terence hits you with a +0 trident. Terence hits you with a +0 trident!
* * * LOW HITPOINT WARNING * * *
You completely miss Terence. You headbutt Terence.
Terence zaps a wand.
The puff of flame hits you. You resist.
* * * LOW HITPOINT WARNING * * *
You hit Terence.
Terence looks as sick as possible!
Terence hits you with a +0 trident.
* * * LOW HITPOINT WARNING * * *
Terence hits you with a +0 trident.
* * * LOW HITPOINT WARNING * * *
You hit Terence. Terence hits you with a +0 trident.
* * * LOW HITPOINT WARNING * * *
You hit Terence but do no damage.
Terence looks as sick as possible!
Your headbutt misses Terence. You block Terence's attack.
Terence zaps a wand.
The puff of flame hits you. You resist.
You die...

#.###.#.......
#.#..........#
#.#.#.#.######
#.#.#........#
############.#.#.#.####.#
#............#.#........#
##############.##########
#.................
#@#####.########## #@#
#.# #.# #.# #.# #.# #.#
#.# #.. ..# ### ###


You could see Terence (extremely poisoned).

Vanquished Creatures
  An adder (D:2)
  A worm (D:2)
  A dart slug (D:1)
  7 bats
  An endoplasm (D:1)
  3 giant cockroaches (D:1)
  4 goblins
  4 hobgoblins
  4 jackals (D:2)
  3 quokkas
  3 ball pythons (D:2)
  2 frilled lizards
  6 kobolds
  3 rats (D:1)
43 creatures vanquished.

Notes
Turn   | Place    | Note
-------+----------+-------------------------------------------
     0 | D:1      | Pooter the Minotaur Berserker began the quest for the Orb.
     0 | D:1      | Reached XP level 1. HP: 19/19 MP: 0/0
    63 | D:1      | Reached skill level 4 in Axes
    75 | D:1      | Reached XP level 2. HP: 16/27 MP: 1/1
   263 | D:1      | Reached ** piety under Trog
   319 | D:1      | Reached XP level 3. HP: 33/33 MP: 2/2
   992 | D:2      | Reached skill level 5 in Axes
  1633 | D:2      | Noticed Terence
  1643 | D:2      | Killed from afar by Terence

Illustrated notes

Levels and vault maps discovered:
D:1:      amcnicky_arrival_double_pillar, layout_basic, hangedman_decor_push,
          minmay_pentomino_w4
D:2:      layout_basic, uniq_terence

Skill      XL: |  1  2  3 |
---------------+----------+-----
Axes           | 4 5 |  5.2
Fighting       | 4 |  4.4
Armour         | |  2.4
Dodging        | |  2.1

Action                   || total
-------------------------++-------
Melee: Hand axe          ||    55
       Headbutt          ||     7
       Short sword       ||    44
Throw: Stone             ||     5
Invok: Berserk           ||     1
  Use: Scroll            ||     1
 Stab: Sleeping          ||     1
Armor: Animal skin       ||    18
Dodge: Dodged            ||    59
Block: Tower shield      ||    38

Table legend: (Time is in decaauts)
 A = Elapsed time spent in this place.
 B = Non-inter-level travel time spent in this place.
 C = Inter-level travel time spent in this place.
 D = Time resting spent in this place.
 E = Time spent auto-exploring this place.
 F = Levels seen in this place.
 G = Mean time per level.
                   A        B        C        D        E       F      G
               +--------+--------+--------+--------+--------+-----+--------+
         Total |   1684 |   1661 |     23 |    164 |   1204 |   2 |  842.0 |
       Dungeon |   1684 |   1661 |     23 |    164 |   1204 |   2 |  842.0 |
               +--------+--------+--------+--------+--------+-----+--------+

Top non-repeatable levels by time:
     D:2: 1043 daAuts
     D:1: 640 daAuts
